 Dungeon Crawl Stone Soup version 0.27.1 (webtiles) character file.

Game seed: 8543491677466055983

7 Destapler the Magician (level 1, 0/13 HPs)
             Began as a Demonspawn Hedge Wizard on Aug 28, 2021.
             Frozen to death by an endoplasm (3 damage)
             ... on level 1 of the Dungeon.
             The game lasted 00:00:40 (238 turns).

Destapler the Magician (Demonspawn Hedge Wizard)     Turns: 238, Time: 00:00:41

Health: 0/13       AC:  2    Str: 10    XL:     1   Next: 91%
Magic:  1/4        EV: 12    Int: 15    God:
Gold:   0          SH:  0    Dex: 12    Spells: 5/6 levels left

rFire    . . .     SeeInvis .   a - +0 dagger
rCold    . . .     Faith    .   (no shield)
rNeg     . . .     Spirit   .   b - +0 robe
rPois    .         Reflect  .   c - +0 hat
rElec    .         Harm     .   (no cloak)
rCorr    .         Rampage  .   (no gloves)
Will     .....                  (no boots)
Stlth    ++........             (no amulet)
HPRegen  0.04/turn              (no ring)
MPRegen  0.09/turn              (no ring)

@: no status effects
A: no striking features
a: no special abilities


You were on level 1 of the Dungeon.
You visited 1 branch of the dungeon, and saw 1 of its levels.

Inventory:

Hand Weapons
 a - a +0 dagger (weapon)
Armour
 b - a +0 robe (worn)
 c - a +0 hat (worn)
Potions
 d - a potion of lignification {unknown}


   Skills:
 + Level 1.9 Dodging
 + Level 1.9 Stealth
 + Level 3.0 Spellcasting
 + Level 1.1 Conjurations
 + Level 1.2 Summonings
 + Level 1.0 Translocations


You had 5 spell levels left.
You knew the following spells:

 Your Spells              Type           Power      Damage    Failure   Level
a - Magic Dart            Conj           20%        1d4       12%         1

Your spell library contained the following spells:

 Spells                   Type           Power      Damage    Failure   Level
 Call Imp                 Summ           6%         N/A       19%         2
 Blink                    Tloc           N/A        N/A       21%         2
 Slow                     Hex            2%         N/A       30%         2
 Conjure Flame            Conj/Fire      4%         6-21      43%         3
 Mephitic Cloud           Conj/Pois/Air  3%         N/A       45%         3


Dungeon Overview and Level Annotations

Branches:
Dungeon (1/15)

Altars:


Message History

The ball python is severely wounded.
The ball python bites you. The ball python constricts you.
You escape the ball python's grasp.
The endoplasm freezes you.
You are frozen.
The rat bites you but does no damage.
The ball python bites you but does no damage.
The ball python closely misses you. The rat closely misses you.
The rat closely misses you.
The rat twitches its whiskers.
The ball python barely misses you. The ball python grabs you.
The ball python constricts you.
You escape the ball python's grasp.
There is a large open door here.
The ball python barely misses you. The ball python grabs you.
The ball python constricts you.
You escape the ball python's grasp.
The magic dart hits the ball python.
You kill the ball python!
The magic dart hits the rat.
The rat is heavily wounded.
The magic dart hits the rat.
You kill the rat!
You are too depleted to draw on your mana recklessly!
You are too depleted to draw on your mana recklessly!
You are too depleted to draw on your mana recklessly!
An endoplasm is nearby!
The endoplasm freezes you.
You are frozen.
* * * LOW HITPOINT WARNING * * *
You hit the endoplasm but do no damage. The endoplasm freezes you.
You are frozen.
* * * LOW HITPOINT WARNING * * *
You hit the endoplasm.
The endoplasm is lightly wounded.
The endoplasm freezes you.
You are frozen.
You die...

#............#.###.#
#.#...........>....#
#.#≈≈≈≈≈≈≈≈..≈≈≈≈≈≈≈
# #≈..8..8)...8..8..
#≈.######'†######.
#≈≈≈≈≈..≈≈≈≈≈#
#≈.......J..≈#
#≈.########J≈#
#≈........@.≈#
#≈≈≈≈≈..≈≈≈≈≈#
######''######
#............#
#≈≈§§≈..≈≈≈≈≈#
#≈≈≈≈≈..≈§≈≈≈#
#.......§....#
######''######
#.....<......#


You could see an endoplasm.

Vanquished Creatures
  A dart slug (D:1)
  A ball python (D:1)
  2 goblins (D:1)
  A rat (D:1)
5 creatures vanquished.

Notes
Turn   | Place    | Note
-------+----------+-------------------------------------------
     0 | D:1      | Destapler the Demonspawn Hedge Wizard began the quest for
                  | the Orb.
     0 | D:1      | Reached XP level 1. HP: 13/13 MP: 4/4
    51 | D:1      | Reached skill level 1 in Translocations
   238 | D:1      | Frozen to death by an endoplasm

Illustrated notes

Levels and vault maps discovered:
D:1:      lightli_arrival_isolated_outpost, layout_basic

Skill      XL: |  1 |
---------------+----+-----
Translocations | 1 |  1.0
Dodging        | |  1.9
Stealth        | |  1.9
Spellcasting   | |  3.0
Conjurations   | |  1.1
Summonings     | |  1.2

Action                   || total
-------------------------++-------
Melee: Dagger            ||    11
 Cast: Magic Dart        ||    11
Armor: Robe              ||     2
Dodge: Dodged            ||    10
